[ AOE2 MATCH · #504693638 ]
UnrankedMongols vs Magyars
Player's team · WIN
Rival team · LOSS
[ REPLAY ANALYSIS · EXTRACTED FROM THE RECORDED GAME ]
Feudal
9:26
Castle
—
Imperial
—
| APM avg | 53.4 |
| APM peak | 103 |
| eAPM avg | 22.3 |
| Villagers / military | 47 / 33 |
Focus
⚔️ 37.8% · 🌾 62.2%
Archer ×32 · Spearman ×1
Feudal
9:26
Castle
—
Imperial
—
| APM avg | 44.3 |
| APM peak | 89 |
| eAPM avg | 17.2 |
| Villagers / military | 46 / 20 |
Focus
⚔️ 37.9% · 🌾 62.1%
Skirmisher ×10 · Archer ×4 · Scout Cavalry ×4 · Spearman ×2
Match map
Initial resources + every placement click. Lines = walls · curves = elevation contours. ◆ gold · ⬟ stone · ● berries · ✦ relic · ◌ wall gap
Your base· Open — 9t gap
Carl Drogo von und zu Belmez's base· Open — unwalled flank
Smoothed initial terrain · ◌ = detected wall gap · hover for details
Inputs per minute
— Axolotl-Flöten-Beschwörer - - Carl Drogo von und zu Belmez
Build order — Axolotl-Flöten-Beschwörer
140 actions detected in the replay
| 0:01 | Create | Villager (Male) |
| 0:03 | Build | House |
| 0:04 | Build | House |
| 0:19 | Create | Villager (Male) |
| 0:19 | Create | Villager (Male) |
| 0:32 | Create | Villager (Male) |
| 0:33 | Create | Villager (Male) |
| 1:30 | Create | Villager (Male) |
| 1:31 | Create | Villager (Male) |
| 1:48 | Build | Lumber Camp |
| 2:03 | Create | Villager (Male) |
| 2:19 | Create | Villager (Male) |
| 2:19 | Create | Villager (Male) |
| 2:47 | Create | Villager (Male) |
| 3:02 | Build | House |
| 3:30 | Create | Villager (Male) |
| 3:50 | Create | Villager (Male) |
| 3:50 | Create | Villager (Male) |
| 4:00 | Build | Mill |
| 4:13 | Create | Villager (Male) |
| 4:35 | Create | Villager (Male) |
| 4:35 | Create | Villager (Male) |
| 4:40 | Create | Villager (Male) |
| 4:41 | Create | Villager (Male) |
| 5:14 | Create | Villager (Male) |
| 5:34 | Build | Mill |
| 6:05 | Build | House |
| 6:09 | Create | Villager (Male) |
| 6:25 | Research | Loom |
| 6:48 | Research | Feudal Age |
| 6:48 | Research | Feudal Age |
| 6:48 | Research | Feudal Age |
| 7:28 | Build | Palisade Wall |
| 7:32 | Build | Palisade Wall |
| 8:08 | Create | Villager (Male) |
| 8:34 | Build | Barracks |
| 9:26 | Age | Feudal Age |
| 9:37 | Build | Archery Range |
| 9:54 | Create | Villager (Male) |
| 10:13 | Build | House |
| 10:19 | Create | Villager (Male) |
| 10:23 | Build | Mining Camp |
| 10:30 | Create | Archer |
| 10:36 | Create | Villager (Male) |
| 10:52 | Build | Archery Range |
| 10:55 | Create | Villager (Male) |
| 11:13 | Build | Palisade Wall |
| 11:16 | Create | Villager (Male) |
| 11:30 | Create | Archer |
| 11:30 | Create | Archer |
| 11:44 | Build | Blacksmith |
| 11:46 | Create | Villager (Male) |
| 11:55 | Create | Archer |
| 12:00 | Build | House |
| 12:05 | Create | Archer |
| 12:05 | Create | Archer |
| 12:27 | Build | House |
| 12:32 | Create | Archer |
| 12:33 | Create | Villager (Male) |
| 12:54 | Research | Fletching |
| 12:55 | Create | Villager (Male) |
| 13:00 | Build | Stone Wall |
| 13:10 | Create | Villager (Male) |
| 13:18 | Create | Archer |
| 13:19 | Create | Villager (Male) |
| 13:30 | Build | House |
| 13:32 | Create | Archer |
| 13:33 | Create | Villager (Male) |
| 13:35 | Create | Archer |
| 13:44 | Build | Stone Wall |
| 13:56 | Create | Archer |
| 13:56 | Create | Archer |
| 13:57 | Create | Villager (Male) |
| 14:03 | Build | Lumber Camp |
| 14:24 | Build | House |
| 14:42 | Create | Villager (Male) |
| 14:46 | Build | House |
| 14:54 | Create | Archer |
| 14:55 | Create | Archer |
| 15:05 | Build | House |
| 15:15 | Build | Lumber Camp |
| 15:16 | Create | Spearman |
| 15:28 | Build | House |
| 15:43 | Create | Archer |
| 15:43 | Create | Archer |
| 15:57 | Create | Villager (Male) |
| 16:08 | Create | Archer |
| 16:08 | Create | Archer |
| 16:08 | Create | Villager (Male) |
| 16:11 | Build | House |
| 16:27 | Create | Archer |
| 16:27 | Create | Archer |
| 17:01 | Create | Archer |
| 17:01 | Create | Archer |
| 17:02 | Create | Villager (Male) |
| 17:04 | Build | House |
| 17:16 | Create | Archer |
| 17:16 | Create | Archer |
| 17:16 | Create | Villager (Male) |
| 17:20 | Build | Market |
| 17:28 | Build | Farm |
| 17:36 | Build | Farm |
| 17:38 | Build | Farm |
| 17:40 | Create | Villager (Male) |
| 17:52 | Create | Villager (Male) |
| 18:07 | Create | Villager (Male) |
| 18:09 | Build | Farm |
| 18:12 | Create | Archer |
| 18:12 | Create | Archer |
| 18:14 | Build | Farm |
| 18:45 | Create | Villager (Male) |
| 18:48 | Build | Farm |
| 18:49 | Build | Farm |
| 18:53 | Create | Archer |
| 18:53 | Create | Archer |
| 18:55 | Build | House |
| 19:29 | Create | Archer |
| 19:30 | Create | Archer |
| 19:30 | Create | Villager (Male) |
| 19:36 | Build | House |
| 19:39 | Build | Farm |
| 19:41 | Build | Farm |
| 19:42 | Build | Farm |
| 20:05 | Create | Villager (Male) |
| 20:10 | Build | House |
| 20:11 | Build | House |
| 20:28 | Create | Villager (Male) |
| 20:35 | Build | Farm |
| 20:49 | Build | House |
| 20:51 | Build | Farm |
| 20:55 | Create | Villager (Male) |
| 21:35 | Research | Castle Age |
| 21:53 | Create | Archer |
| 21:53 | Create | Archer |
| 22:01 | Build | Stable |
| 22:03 | Build | Stable |
| 22:23 | Research | Scale Barding Armor |
| 22:23 | Research | Scale Barding Armor |
| 22:23 | Research | Scale Barding Armor |
| 22:34 | Research | Double-Bit Axe |
Build order — Carl Drogo von und zu Belmez
106 actions detected in the replay
| 0:00 | Create | Villager (Male) |
| 0:01 | Create | Villager (Male) |
| 0:02 | Build | House |
| 0:03 | Build | House |
| 0:09 | Create | Villager (Male) |
| 0:09 | Create | Villager (Male) |
| 1:25 | Create | Villager (Male) |
| 1:51 | Build | Lumber Camp |
| 2:00 | Create | Villager (Male) |
| 2:01 | Create | Villager (Male) |
| 2:16 | Create | Villager (Male) |
| 2:48 | Create | Villager (Male) |
| 2:58 | Create | Villager (Male) |
| 3:31 | Build | House |
| 3:46 | Create | Villager (Male) |
| 3:59 | Build | House |
| 4:09 | Create | Villager (Male) |
| 4:19 | Build | Mill |
| 4:39 | Create | Villager (Male) |
| 5:10 | Create | Villager (Male) |
| 5:18 | Create | Villager (Male) |
| 5:18 | Create | Villager (Male) |
| 6:26 | Create | Villager (Male) |
| 6:50 | Research | Loom |
| 7:16 | Research | Feudal Age |
| 7:51 | Build | Barracks |
| 8:49 | Create | Villager (Male) |
| 8:54 | Build | Mining Camp |
| 9:26 | Age | Feudal Age |
| 9:28 | Build | Stable |
| 9:38 | Build | House |
| 9:39 | Research | Wheelbarrow |
| 9:49 | Create | Spearman |
| 9:57 | Create | Spearman |
| 10:12 | Create | Villager (Male) |
| 10:19 | Create | Scout Cavalry |
| 10:19 | Create | Scout Cavalry |
| 10:37 | Build | Mill |
| 10:47 | Create | Villager (Male) |
| 11:02 | Build | House |
| 11:12 | Build | Watch Tower |
| 11:24 | Create | Villager (Male) |
| 11:27 | Build | Farm |
| 11:35 | Build | House |
| 11:46 | Create | Scout Cavalry |
| 12:13 | Create | Villager (Male) |
| 12:35 | Build | Watch Tower |
| 12:44 | Build | House |
| 12:47 | Build | Farm |
| 12:47 | Build | Farm |
| 12:52 | Build | Farm |
| 12:57 | Create | Villager (Male) |
| 13:24 | Build | Farm |
| 13:25 | Build | Farm |
| 13:33 | Create | Villager (Male) |
| 14:01 | Build | Mining Camp |
| 14:11 | Build | Archery Range |
| 14:13 | Create | Villager (Male) |
| 14:18 | Create | Villager (Male) |
| 14:38 | Build | House |
| 14:41 | Create | Villager (Male) |
| 15:15 | Build | Blacksmith |
| 15:17 | Create | Archer |
| 15:20 | Create | Villager (Male) |
| 15:29 | Build | House |
| 15:36 | Create | Scout Cavalry |
| 15:38 | Create | Villager (Male) |
| 16:14 | Build | Watch Tower |
| 16:20 | Create | Villager (Male) |
| 16:25 | Create | Skirmisher |
| 16:25 | Create | Skirmisher |
| 16:44 | Create | Skirmisher |
| 16:53 | Create | Villager (Male) |
| 17:02 | Create | Villager (Male) |
| 17:10 | Create | Skirmisher |
| 17:17 | Create | Villager (Male) |
| 17:29 | Research | Fletching |
| 17:57 | Build | Mining Camp |
| 18:17 | Create | Villager (Male) |
| 18:28 | Create | Archer |
| 19:02 | Create | Villager (Male) |
| 19:03 | Create | Villager (Male) |
| 19:04 | Create | Archer |
| 19:23 | Create | Villager (Male) |
| 19:27 | Research | Padded Archer Armor |
| 19:28 | Create | Villager (Male) |
| 19:30 | Create | Archer |
| 19:59 | Create | Skirmisher |
| 19:59 | Create | Villager (Male) |
| 20:14 | Create | Villager (Male) |
| 20:23 | Create | Skirmisher |
| 20:29 | Create | Skirmisher |
| 20:30 | Create | Villager (Male) |
| 20:47 | Build | House |
| 20:49 | Create | Skirmisher |
| 21:02 | Create | Villager (Male) |
| 21:32 | Create | Villager (Male) |
| 21:41 | Build | Farm |
| 21:43 | Create | Villager (Male) |
| 22:09 | Build | Watch Tower |
| 22:14 | Create | Skirmisher |
| 22:14 | Create | Skirmisher |
| 22:15 | Create | Villager (Male) |
| 22:25 | Create | Villager (Male) |
| 22:33 | Build | Archery Range |
| 22:58 | Build | Lumber Camp |
Match timeline
| 7:28 | Axolotl-Flöten-Beschwörer · wall_segment Palisade Wall x4 |
| 7:32 | Axolotl-Flöten-Beschwörer · wall_segment Palisade Wall x14 |
| 7:51 | Carl Drogo von und zu Belmez · first_building Barracks |
| 8:34 | Axolotl-Flöten-Beschwörer · first_building Barracks |
| 9:26 | Axolotl-Flöten-Beschwörer · age_up feudal |
| 9:26 | Carl Drogo von und zu Belmez · age_up feudal |
| 9:28 | Carl Drogo von und zu Belmez · first_building Stable |
| 9:37 | Axolotl-Flöten-Beschwörer · first_building Archery Range |
| 11:13 | Axolotl-Flöten-Beschwörer · wall_segment Palisade Wall x6 |
| 13:00 | Axolotl-Flöten-Beschwörer · wall_segment Stone Wall x10 |
| 13:44 | Axolotl-Flöten-Beschwörer · wall_segment Stone Wall x3 |
| 14:11 | Carl Drogo von und zu Belmez · first_building Archery Range |
| 20:08 | Axolotl-Flöten-Beschwörer · first_market_buy 100 food |
| 20:30 | Axolotl-Flöten-Beschwörer · first_market_sell 100 wood |
| 22:01 | Axolotl-Flöten-Beschwörer · first_building Stable |
| 23:14 | Carl Drogo von und zu Belmez · resign |
[ AI ANALYSIS · 1 CREDIT ]
What really happened in this match?
Wolo.gg analyzes every decision: build order, eco, micro, common mistakes by bracket. Personalized analysis on WhatsApp or Discord in 30 seconds.
Civ guide
Mongols
Perfil
Jugador #220422